[Event "*** SCC Grand Prix: Titled Tuesday Blitz"]
[Site "Chess.com"]
[Date "2020.08.11"]
[Round "1"]
[White "laboratorio25"]
[Black "Durarbayli"]
[Result "0-1"]
[WhiteElo "2417"]
[BlackElo "2855"]
[TimeControl "180+1"]
[EndTime "10:09:12 PDT"]
[Termination "Durarbayli won by resignation"]

1. e4 c5 2. Nf3 d6 3. d4 cxd4 4. Nxd4 Nf6 5. Nc3 Nc6 6. Bg5 Qb6 7. Nb3 e6 8. Qd2 a6 9. O-O-O Be7 10. Be3 Qc7 11. f3 b5 12. g4 Bb7 13. g5 Nd7 14. Kb1 Nce5 15. Qf2 b4 16. Ne2 a5 17. Ned4 a4 18.
Nb5 Qc8 19. Nc1 d5 20. Bd4 O-O 21. f4 Nc6 22. e5 Nxd4 23. Nxd4 a3 24. Ncb3 axb2 25.
f5 Qc3 26. Nb5 Qxe5 27. f6 gxf6 28. gxf6 Bxf6 29. N5d4 Qc7 30. Rg1+ Kh8 31. Bd3 Rxa2 32. Kxa2 Ra8+ 33. Kxb2 e5 34. Qf5 e4 35. Kc1 exd3 36. Rxd3 Qe5 37. Rh3 Qxf5 38. Nxf5 Ne5 39. Rf1 Ba6 40.
Rf2 Bc8 41. Nd6 Bg5+ 42. Kb2 Bxh3 43. Nxf7+ Nxf7 44. Rxf7 Bh6 45. Nc5 Bg7+ 46. Kb3 d4 47. Kxb4 Rb8+ 48. Kc4 Rc8 49. Re7 Bf1+ 50. Kd5 Bg2+ 51.
Kd6 Rc6+ 52. Kd7 Rxc5 53. Re8+ Bf8 54. Rxf8+ Kg7 55. Rf2 Be4 56. Rd2 Rxc2 57. Rxd4 Bf5+ 58. Kd6 Rxh2 59. Ke5 Bg6 60. Rd7+ Kh6 61. Kf4 Rh5 62. Rd6 Rf5+ 63. Kg4 Ra5 64. Rb6 Ra4+ 65. Kg3 Kg5 66. Rb5+ Bf5 67. Rb8 h5 68. Rg8+ Bg6 69. Rg7 Rg4+ 70. Kh3 Rd4 71. Kh2 Rd3 72. Rg8 h4 73.
Rg7 Rd6 74. Rg8 Kg4 75. Rg7 Kf4 76. Rg8 Bf5 77. Rf8 Rd2+ 78. Kg1 h3 79. Rg8 Bg4 80. Kh1 Kg3 0-1

[Event "*** SCC Grand Prix: Titled Tuesday Blitz"]
[Site "Chess.com"]
[Date "2020.08.11"]
[Round "1"]
[White "GlennTipton"]
[Black "LiemLe"]
[Result "1-0"]
[WhiteElo "2458"]
[BlackElo "2956"]
[TimeControl "180+1"]
[EndTime "10:09:18 PDT"]
[Termination "GlennTipton won by checkmate"]

1. d4 Nf6 2. Nf3 d5 3. Bf4 c5 4. e3 Nc6 5. c3 Qb6 6. Qc1 Bf5 7. Nbd2 e6 8. h3 Rc8 9. Be2 cxd4 10. exd4 Nb4 11.
O-O Be7 12. Ne5 Nc2 13. g4 Nxd4 14. Bd1 h5 15. gxf5 Nxf5 16. Ba4+ Kf8 17. Bc2 g5 18. Bh2 Nh4 19. Ndf3 Nxf3+ 20. Nxf3 g4 21. Ne5 Bd6 22.
Qf4 Ke7 23. Qxf6+ Kxf6 24. Nd7+ Ke7 25. Nxb6 axb6 26. Bxd6+ Kxd6 27. Bb3 f5 28. f4 h4 29. hxg4 fxg4 30. f5 e5 31. Rad1 Rc5 32. Rd2 Rf8 33. Rfd1 Rxf5 34. Bxd5 Ke7 35. Bxb7 Rc7 36. Be4 Rf4 37.
Re2 h3 38. Kh2 Kf6 39. Rd6+ Kg5 40. Rg6+ Kh5 41. Bb1 e4 42. Rxb6 Rcf7 43. Bxe4 Kg5 44. Kg3 Rxe4 45. Rxe4 Rf3+ 46. Kh2 Rf2+ 47. Kg1 g3 48.
Rb5+ Kf6 49. Rh4 h2+ 50. Kh1 Rf1+ 51. Kg2 Rg1+ 52. Kf3 h1=Q+ 53. Rxh1 Rxh1 54. Kxg3 Ke6 55. a4 Kd6 56. c4 Kc6 57. b3 Rf1 58. Kg2 Rf7 59.
a5 Rf8 60. b4 Rf4 61. Rb6+ Kc7 62. c5 Rf8 63. a6 Rf5 64. Kg3 Rf1 65. Kg4 Rg1+ 66. Kf4 Re1 67. b5 Rc1 68. Rb7+ Kc8 69. c6 Rc5 70. a7 Rc4+ 71. Ke5 Ra4 72. Rb8+ Kc7 73. a8=Q Rxa8 74. Rxa8 Kb6 75. Rb8+ Kc5 76. Rb7 Kb4 77. c7 Ka4 78. c8=Q Kb4 79. Qc6 Kb3 80. Rd7 Kb2 81. Rd5 Kb3 82. b6 Ka3 83. Rb5 Ka4 84.
b7 Ka3 85. Qa6# 1-0

[Event "*** SCC Grand Prix: Titled Tuesday Blitz"]
[Site "Chess.com"]
[Date "2020.08.11"]
[Round "1"]
[White "ViktoriyaTarasova"]
[Black "Koksik_13"]
[Result "0-1"]
[WhiteElo "2266"]
[BlackElo "2613"]
[TimeControl "180+1"]
[EndTime "10:09:29 PDT"]
[Termination "Koksik_13 won on time"]

1. d4 e6 2. c4 d5 3. Nc3 a6 4.
cxd5 exd5 5. Bf4 c6 6. e3 Bd6 7. Bxd6 Qxd6 8. Bd3 Nf6 9. Nge2 Nbd7 10. h3 O-O 11.
O-O Re8 12. Ng3 Nf8 13. Qc2 g6 14. Rab1 h5 15. b4 h4 16. Nge2 Ne6 17. a4 Ng5 18. Nf4 b5 19. Bxg6 Kh8 20. Bf5 Rg8 21. Kh1 Be6 22.
Bxe6 fxe6 23. Ng6+ Kg7 24. Ne5 Nge4 25. Nxe4 Nxe4 26.
Qe2 Nf6 27. Rfc1 Rac8 28. axb5 cxb5 29. Rc5 Rxc5 30. bxc5 Qf8 31. Ra1 Ne4 32. Kg1 Kh6 33.
Ng4+ Kg5 34. Rxa6 Qf5 35. f4+ Kg6 36. Ne5+ Kh6 37. Ng4+ Kg6 38. Qe1 Ng3 39. Nf2 Kh6 40. Ng4+ Kg6 41. c6 b4 42. c7 b3 43. Rc6 b2 44.
Ne5+ Kh6 45. Rb6 Rc8 46. Rxb2 Rxc7 47. Kh2 Rg7 48. Ng4+ Kh5 49. Qd1 Kg6 50. Ne5+ Kh6 51. Ng4+ Kh7 52. Rb6 Qe4 53. Qb1 Nf5 54. Qxe4 dxe4 55.
Nf6+ Kg6 56. Nxe4 Nxe3 57. Rxe6+ Kf5 58. Re5+ Kxf4 59. Nf6 Rxg2+ 60. Kh1 Ra2 61. Nd5+ Nxd5 62. Rxd5 Kg3 63. Rg5+ Kxh3 64. Kg1 Rd2 65. d5 Rd4 66. Kf2 Kh2 67. Rh5 h3 68. Ke3 Rd1 69. Ke4 Kg3 70.
Ke5 Re1+ 71. Kf6 Rd1 72. Ke6 Rd4 73. d6 Re4+ 74. Kf7 Rf4+ 75. Ke6 Re4+ 76. Kf7 h2 0-1

[Event "*** SCC Grand Prix: Titled Tuesday Blitz"]
[Site "Chess.com"]
[Date "2020.08.11"]
[Round "1"]
[White "GOGIEFF"]
[Black "OhanyanEminChess"]
[Result "1/2-1/2"]
[WhiteElo "2869"]
[BlackElo "2430"]
[TimeControl "180+1"]
[EndTime "10:09:31 PDT"]
[Termination "Game drawn by repetition"]

1. d4 Nf6 2. c4 c5 3. d5 b5 4. cxb5 a6 5. bxa6 g6 6. Nc3 Bg7 7. e4 O-O 8. Bd2 d6 9. Nf3 Bxa6 10. Bxa6 Nxa6 11. O-O Nc7 12. a4 Qd7 13. Qc2 Rfb8 14. h3 Nfe8 15. Rfe1 Na6 16. e5 Nb4 17. Qe4 Nc7 18. Rad1 Qf5 19. Qxf5 gxf5 20. exd6 exd6 21. Bf4 Rd8 22. Nh4 Bxc3 23. bxc3 Nbxd5 24. Bd2 Rxa4 25. Nxf5 Ne6 26. Bh6 Nxc3 27. Rd3 Ne4 28. f3 Nf6 29. Rxd6 Rxd6 30. Nxd6 Rd4 31. Nf5 Rd7 32. Rc1 Nd5 33. Rc4 f6 34. Kf2 Kf7 35. g4 Nb6 36. Rc2 c4 37. Be3 Nd5 38. Rxc4 Nxe3 39. Kxe3 Ng7 40. Nd4 Ne6 41. Ne2 Re7 42. Kf2 Rc7 43. Rxc7+ Nxc7 44. Nf4 Ne8 45. h4 Nd6 46. Ke3 Nc4+ 47. Kd3 Ne5+ 48.
Ke4 Nc4 49. Nd5 Nd6+ 50. Kf4 Ke6 51. Ne3 Kf7 52. Nf5 Nc4 53. h5 Ne5 54. Ke4 Ke6 55. Nd4+ Kf7 56. Nf5 Ke6 57. Ne3 Nd7 58. f4 Nc5+ 59.
Kd4 Nd7 60. Nc4 Nf8 61. f5+ Ke7 62. Kd5 Nd7 63. Na5 Nb6+ 64. Kc5 Nd7+ 65. Kd5 Nb6+ 66. Kd4 Nd7 67. Nc6+ Kd6 68. Nd8 Ne5 69. Nb7+ Kc6 70. g5 Nf3+ 71. Ke3 Nxg5 72. Na5+ Kd6 73. Kf4 Nh3+ 74.
Kg4 Nf2+ 75. Kf4 Nd3+ 76. Kg4 Nf2+ 77. Kf4 Nd3+ 78. Kg4 Nf2+ 1/2-1/2

[Event "*** SCC Grand Prix: Titled Tuesday Blitz"]
[Site "Chess.com"]
[Date "2020.08.11"]
[Round "1"]
[White "Joshukid"]
[Black "catalin009"]
[Result "1/2-1/2"]
[WhiteElo "2704"]
[BlackElo "2362"]
[TimeControl "180+1"]
[EndTime "10:09:32 PDT"]
[Termination "Game drawn by repetition"]

1. Nf3 Nf6 2. c4 e6 3. g3 d5 4.
Bg2 Be7 5. O-O O-O 6. b3 b6 7. Bb2 Bb7 8. e3 c5 9. Nc3 Qc8 10. Qe2 Rd8 11. d3 Nbd7 12. Ne1 a6 13. f4 d4 14. exd4 Bxg2 15. Kxg2 cxd4 16. Ne4 Nxe4 17.
Qxe4 Nc5 18. Qe2 Qc6+ 19. Nf3 b5 20. b4 Na4 21. c5 Bf6 22. Rac1 a5 23. a3 Nc3 24. Bxc3 dxc3 25. Qe4 Rd5 26. d4 axb4 27. axb4 Rxc5 28. Qxc6 Rxc6 29. Rc2 Ra4 30. Rb1 Rc4 31. Rb3 Bxd4 32. Nxd4 Rxd4 33. Rbxc3 g6 34. Rc8+ Kg7 35. Rb8 Raxb4 36. Rb7 Rd5 37. Rcc7 Rf5 38. h3 h5 39.
h4 Rb3 40. Rb6 Kg8 41. Rb8+ Kg7 42. Rb6 b4 43. Rxe6 Rc3 44. Rxc3 fxe6 45. Rc7+ Kf6 46. Rb7 e5 47. Rb6+ Kg7 48. Rxb4 exf4 49. gxf4 Rc5 50. Kf3 Kf6 51. Rb6+ Kf5 52. Rb3 Rc4 53. Rb5+ Kf6 54. Kg3 Ra4 55. Rb6+ Kf5 56. Rb5+ Kf6 57. Rb6+ Kf5 58.
Rb3 Rd4 59. Ra3 Rd5 60. Re3 Rb5 61. Kf3 Rb4 62. Re5+ Kf6 63. Re4 Rb3+ 64. Re3 Rb4 65. Rc3 Ra4 66. Rb3 Kf5 67. Rb5+ Kf6 68. Ke3 Ra3+ 69. Ke4 Ra4+ 70. Kf3 Ra3+ 71. Kf2 Rh3 72. Rb6+ Kf5 73. Rb5+ Kxf4 74. Rg5 Rh2+ 75. Kf1 Rxh4 76. Rxg6 Rg4 77. Rxg4+ hxg4 78. Kf2 g3+ 79. Kg2 Kg4 80. Kg1 Kf4 81. Kg2 Kg4 82. Kg1 Kh3 83. Kh1 Kh4 84.
Kg2 Kg4 1/2-1/2

[Event "*** SCC Grand Prix: Titled Tuesday Blitz"]
[Site "Chess.com"]
[Date "2020.08.11"]
[Round "1"]
[White "RusPakhom"]
[Black "chessdjw"]
[Result "1/2-1/2"]
[WhiteElo "2282"]
[BlackElo "2611"]
[TimeControl "180+1"]
[EndTime "10:09:36 PDT"]
[Termination "Game drawn by repetition"]

1. e4 c5 2. Nf3 d6 3. c4 e5 4. Nc3 g6 5. h4 h6 6. d3 Bg7 7. Be2 Ne7 8. Bd2 Nbc6 9. Nd5 Bg4 10. Ng1 Be6 11. h5 g5 12. Bg4 f5 13. Nxe7 Nxe7 14. exf5 Nxf5 15. Ne2 O-O 16. Bc3 Kh8 17.
Bxf5 Bxf5 18. Ng3 Be6 19. Qe2 a6 20. a4 b5 21. O-O Qd7 22. axb5 axb5 23. Rxa8 Rxa8 24.
Qe4 Ra2 25. cxb5 Qxb5 26. Re1 Qd7 27. Qf3 Ra4 28. Ne4 Bg4 29. Qg3 Bxh5 30. Nxc5 dxc5 31.
Rxe5 Rf4 32. Qe3 c4 33. Re7 Qxe7 34. Qxe7 Bxc3 35. bxc3 cxd3 36. Qd8+ Kg7 37. Qxd3 Bf7 38. Qe3 Rc4 39. f3 Kf6 40. Qd3 Be6 41. Kh2 Bf7 42.
Qe3 Rf4 43. Qd2 Kg7 44. Qb2 Rc4 45. Qd2 Kf6 46. Kg1 Be6 47. Kf2 Bf7 48. Qe3 Be6 49. g3 Bf7 50. Qd3 Be6 51. g4 Bf7 52. Qc2 Rf4 53. Qd3 Kg7 54. Qe3 Kf6 55. Qc5 Be6 56.
Qf8+ Bf7 57. Qxh6+ Bg6 58. Qh8+ Kf7 59. Qb8 Kf6 60.
Qb4 Kg7 61. Qb2 Bf7 62. Qd2 Bg6 63. Qe3 Kf6 64. Qd2 Bf7 65. Qb2 Be6 66. c4+ Kf7 67.
Qc2 Bxg4 68. c5 Bxf3 69. Kg3 Be4 70. Qa2+ Kf6 71. Qa6+ Kf5 72. c6 Rf3+ 73. Kh2 Kg4 74.
Kg1 Kg3 75. Qa5 Bd3 76. Qxg5+ Kh3 77. Qh6+ Kg3 78. Qg7+ Kh3 79. Qh8+ Kg3 80. Qg7+ Kh3 81. Qh8+ Kg3 82. Qg7+ 1/2-1/2

[Event "*** SCC Grand Prix: Titled Tuesday Blitz"]
[Site "Chess.com"]
[Date "2020.08.11"]
[Round "1"]
[White "MVM2008"]
[Black "Borsuk_Konstantin"]
[Result "0-1"]
[WhiteElo "2204"]
[BlackElo "2567"]
[TimeControl "180+1"]
[EndTime "10:09:36 PDT"]
[Termination "Borsuk_Konstantin won by checkmate"]

1. e4 e6 2. d4 d5 3. exd5 exd5 4. Nf3 Nc6 5. c4 Bb4+ 6. Nc3 Nge7 7. a3 Bxc3+ 8. bxc3 O-O 9. Bd3 Bf5 10. O-O Na5 11. Bxf5 Nxf5 12. Qd3 Nd6 13. cxd5 f6 14. Nd2 b5 15. a4 a6 16. Ba3 Qd7 17. axb5 axb5 18. Bb4 Nab7 19. Nb3 Nc4 20. Bxf8 Rxf8 21. Nc5 Qxd5 22. Nxb7 Qxb7 23. Rfb1 Qd5 24. Qf3 Qd7 25. Ra8 c6 26. Rxf8+ Kxf8 27. Qf4 Kf7 28. Re1 Nb6 29. g3 Nd5 30. Qd2 h5 31. Rc1 Nb6 32. Qa2+ Kg6 33. Qc2+ Kh6 34. Qd2+ g5 35. Qe2 Kg6 36. Re1 Nd5 37. Qe8+ Qxe8 38. Rxe8 Nxc3 39. Rc8 Ne2+ 40. Kf1 Nxd4 41. Ke1 Kf5 42. Kd2 b4 43. Kd3 Nf3 44. Kc4 Ne5+ 45. Kxb4 Nd3+ 46. Kc3 Nxf2 47.
Rxc6 Ng4 48. h3 Nf2 49. Kd2 Ne4+ 50. Ke3 Nxg3 51. Rc5+ Kg6 52. Kf3 Nf5 53. Ke4 Ng7 54.
Kf3 h4 55. Kg4 Ne6 56. Rc6 f5+ 57. Kf3 Kf6 58. Kf2 Ke5 59. Ra6 Nf4 60. Ra5+ Kf6 61.
Ra6+ Kg7 62. Ra7+ Kg6 63. Ra6+ Kh5 64. Ra8 Nxh3+ 65. Kg2 Nf4+ 66. Kf3 Kg6 67. Ra7 Kf6 68. Ra6+ Ne6 69. Ra8 g4+ 70. Kg2 f4 71. Rh8 h3+ 72. Kf2 Kf5 73. Rh5+ Ke4 74. Rh8 g3+ 75. Kg1 Ng5 76. Re8+ Kf5 77. Kh1 g2+ 78. Kh2 Nf3+ 79. Kxh3 g1=Q 80. Rf8+ Ke5 81. Re8+ Kd5 82. Rd8+ Kc4 83.
Rc8+ Kd3 84. Rc3+ Ke2 85. Re3+ Qxe3 86. Kg2 Qg1+ 87. Kh3 Qg3# 0-1

[Event "*** SCC Grand Prix: Titled Tuesday Blitz"]
[Site "Chess.com"]
[Date "2020.08.11"]
[Round "1"]
[White "Fandorine"]
[Black "chegueps"]
[Result "0-1"]
[WhiteElo "2889"]
[BlackElo "2446"]
[TimeControl "180+1"]
[EndTime "10:09:45 PDT"]
[Termination "chegueps won by resignation"]

1. e4 c5 2. b3 Nc6 3. Bb2 e5 4. Bc4 d6 5. Ne2 Nf6 6. d3 a6 7.
a4 Rb8 8. Nbc3 Be7 9. O-O O-O 10.
f4 Nd4 11. a5 Be6 12. fxe5 dxe5 13. Ng3 g6 14. Kh1 h5 15. Nge2 Ng4 16. Bc1 Bg5 17. h3 Ne3 18. Bxe3 Bxe3 19. Nd5 Bxd5 20. Bxd5 Qg5 21.
c3 Ne6 22. Rf3 h4 23. Qf1 Nf4 24. Nxf4 Bxf4 25. Qf2 Kg7 26. Rf1 f6 27. Bc4 Rbd8 28. Qxc5 Rd7 29. Qf2 Rfd8 30. Rxf4 exf4 31. Qxf4 Qe5 32.
Qxh4 Qxc3 33. Qg4 Qe5 34. Kg1 Qc5+ 35. Kh1 Qxa5 36. Qe6 Qe5 37. Qb6 Qd6 38. Qf2 Qd4 39.
Qf3 Qe5 40. Bd5 b5 41. Qf2 Qd6 42. d4 Qe7 43. Qg3 Qe8 44. Qf4 Qe7 45. Kg1 Rxd5 46.
exd5 Rxd5 47. Kh1 Qd6 48. Qe3 Qd7 49. Qf3 Qd6 50. Rd1 Rxd4 51. Re1 Rd5 52. Qf2 Re5 53. Qa7+ Kh6 54. Rf1 Re7 55. Qf2 Kg7 56. Qh4 Qe6 57.
Qf4 Qe5 58. Qf3 Rd7 59. h4 Rd6 60. Qb7+ Kh6 61. Qf3 Rd4 62. g3 Kg7 63. Kg2 Qd6 64.
Kh1 Rd2 65. Qb7+ Kh6 66. Qf3 Kg7 67. h5 Qd5 68. Qxd5 Rxd5 69. hxg6 Kxg6 70. b4 Rd3 71. Kg2 Rd2+ 72. Kh3 Ra2 73. Rc1 Ra4 74. Rc6 Kg5 75. Rc5+ Kg6 76. Rc6 Rxb4 77. Rxa6 Rb1 78. Rb6 b4 79.
Kg2 b3 80. Kf3 Kf5 81. Rb5+ Ke6 82. Rb6+ Ke5 83. Rb5+ Kd4 84. Rb6 Kc3 85. Rxf6 b2 86. Rc6+ Kd2 87. Rd6+ Kc3 88. Rc6+ Kb4 89. Rb6+ Kc5 90.
Rb8 Rf1+ 91. Kg2 b1=Q 92. Rc8+ Kd4 93. Rc1 Qxc1 0-1

[Event "*** SCC Grand Prix: Titled Tuesday Blitz"]
[Site "Chess.com"]
[Date "2020.08.11"]
[Round "1"]
[White "Kislov_Oleg"]
[Black "VladimirBelous"]
[Result "0-1"]
[WhiteElo "2361"]
[BlackElo "2726"]
[TimeControl "180+1"]
[EndTime "10:10:03 PDT"]
[Termination "VladimirBelous won by resignation"]

1. e4 c5 2. Nf3 Nc6 3. c3 Nf6 4. e5 Nd5 5. d4 cxd4 6. cxd4 d6 7.
Bc4 dxe5 8. dxe5 Ndb4 9. Qxd8+ Nxd8 10. Na3 Bg4 11. Nd4 Ndc6 12. Nxc6 Nxc6 13. Bf4 e6 14.
O-O a6 15. Nc2 Bc5 16. Rac1 O-O 17. a3 Rac8 18. b4 Ba7 19. Na1 Bd4 20. Rfe1 Bb2 21. Rb1 Bxa3 22. Nc2 Bf5 23. Nxa3 Bxb1 24. Rxb1 Rfd8 25. b5 Na5 26. Bf1 Rc3 27. Ra1 Nb3 28.
Ra2 Nc1 29. Ra1 Rd1 30. Bxc1 Rcxc1 31. Rxc1 Rxc1 32. bxa6 bxa6 33. g3 a5 34. Kg2 a4 35.
Bb5 Rc3 36. Nc4 a3 37. Nxa3 Rxa3 38. f4 h6 39. h4 g5 40. hxg5 hxg5 41. Be2 Kg7 42.
Bh5 Re3 43. Kf2 Ra3 44. Kg2 Rc3 45. Kf2 gxf4 46. gxf4 Kf8 47. Ke2 Ke7 48. Kf2 Rd3 49. Ke2 Rh3 50. Bg4 Rh4 51. Kf3 Kf8 52. Kg3 Rh1 53. Bf3 Re1 54. Bh5 Kg7 55. Kf3 Rh1 56. Kg4 Rh2 57. Kg5 Rg2+ 58. Kh4 Rg1 59. Kh3 f6 60. exf6+ Kxf6 61. Bg4 Ke7 62. Kh4 Kf6 63. Kh3 Ra1 64. Kh4 Ra3 65. Bh3 Ra4 66. Kg3 Rb4 67.
Bg4 Rb6 68. Kf3 Ke7 69. Ke4 Kd6 70. Kf3 Rb4 71. Ke3 Kd5 72. Bf3+ Kd6 73. Be4 Rb3+ 74.
Kd4 Rg3 75. Bb7 Ke7 76. Be4 Kf6 77. Bd3 Rh3 78. Ke4 Rh4 79. Bc4 e5 80. Ke3 Rxf4 81. Bd5 Rd4 82. Be4 Ra4 83. Bd3 Ra3 84. Ke4 Ke6 85.
Bc4+ Kd6 86. Bg8 Ra4+ 87. Ke3 Kc5 88. Kd3 Rg4 89. Bf7 Rg3+ 90. Ke4 Kd6 91. Ba2 Rg4+ 92. Ke3 e4 93. Bb1 Ke5 94. Ba2 Rg3+ 95. Kf2 Ra3 96. Bf7 Kf4 97. Ke2 Rh3 98. Bd5 Rh2+ 99. Ke1 Ke3 100. Kf1 Rh1+ 101. Kg2 Rd1 102. Bb7 Rd7 103. Bc6 Rf7 104. Bd5 Rf8 105. Bc6 Kd4 106. Bb7 e3 107. Ba6 Kc3 0-1

[Event "*** SCC Grand Prix: Titled Tuesday Blitz"]
[Site "Chess.com"]
[Date "2020.08.11"]
[Round "1"]
[White "vvg2"]
[Black "tsvet2005"]
[Result "1/2-1/2"]
[WhiteElo "2220"]
[BlackElo "2567"]
[TimeControl "180+1"]
[EndTime "10:11:16 PDT"]
[Termination "Game drawn - insufficient material"]

1. d4 d5 2. c4 e6 3. Nf3 Nf6 4. Nc3 c6 5. e3 Nbd7 6. Bd3 dxc4 7. Bxc4 b5 8. Bd3 a6 9. e4 c5 10. d5 c4 11. Bc2 e5 12. O-O Bd6 13. Nh4 Nc5 14. f4 O-O 15. fxe5 Bxe5 16. Nf5 Bxc3 17. bxc3 Ncxe4 18. Qd4 Re8 19. a4 Qxd5 20. axb5 Bxf5 21. Qxd5 Nxd5 22. Rxf5 Ndxc3 23. bxa6 Ne2+ 24. Kf1 Nxc1 25. Rxc1 Nd2+ 26. Kg1 Rxa6 27. Rd5 Nb3 28. Bxb3 cxb3 29. Rb5 h6 30. Rxb3 Re2 31. h3 Raa2 32. Rg3 g6 33. h4 h5 34. Rc4 Kg7 35. Kh2 Re1 36. Rgc3 Raa1 37. Rc7 Ra4 38. Kg3 Rg4+ 39. Kf2 Ree4 40. Rf3 Ref4 41. Rxf4 Rxf4+ 42. Kg3 Ra4 43. Kh3 Kf6 44. g3 Ke6 45. Rc6+ Kf5 46. Rc5+ Kf6 47. Rc6+ Kg7 48. Rc7 Re4 49. Rb7 Kf6 50. Kg2 Re7 51. Rb6+ Kf5 52. Kf3 Re5 53. Rb7 f6 54. Rb6 Rd5 55.
Ra6 Rd3+ 56. Kg2 Rd4 57. Kf3 Rd3+ 58. Kg2 Ke5 59. Ra5+ Ke4 60. Ra6 Rd2+ 61. Kh3 Ke5 62. Ra5+ Rd5 63. Ra6 Rd6 64. Ra5+ Ke6 65. Kg2 Rd3 66.
Ra6+ Rd6 67. Ra5 f5 68. Kf3 Rd3+ 69. Kf4 Rd4+ 70. Kf3 Kf6 71. Rb5 Re4 72. Ra5 Re5 73. Ra6+ Re6 74. Ra5 Rb6 75. Rc5 Rb3+ 76. Kf4 Rb4+ 77.
Kf3 Rb6 78. Ra5 Ke6 79. Kf4 Rb4+ 80. Kf3 Rd4 81. Ra6+ Rd6 82. Ra5 Rc6 83. Rb5 Kd6 84.
Kf4 Rc4+ 85. Kf3 Rc5 86. Rb6+ Rc6 87. Rb5 Ke7 88. Rb7+ Kf6 89. Rb5 Rc1 90. Ra5 Rf1+ 91.
Ke2 Rb1 92. Kf3 Rb3+ 93. Kf4 Rb4+ 94. Kf3 Rb6 95. Rc5 g5 96. hxg5+ Kxg5 97. Ra5 Rb4 98. Rc5 Rb3+ 99. Kg2 Re3 100. Rc4 Re4 101. Rc8 Ra4 102.
Rd8 Ra2+ 103. Kf3 Ra3+ 104. Kg2 h4 105. Rg8+ Kh5 106. Rh8+ Kg4 107. Rxh4+ Kg5 108. Rf4 Re3 109. Rh4 Re4 110. Rf4 Rxf4 111. gxf4+ Kxf4 112. Kf2 Ke4 113. Ke2 Kf4 114. Kf2 Kg4 115. Kg2 Kg5 116. Kg3 Kg6 117. Kf4 Kf6 118.
Kf3 Ke5 119. Ke3 f4+ 120. Kf3 Kf5 121. Kf2 Ke4 122. Ke2 f3+ 123. Kf2 Kf4 124. Kf1 Ke3 125. Ke1 Kf4 126. Kf2 Kg4 127. Kf1 Kh3 128. Kf2 Kg4 129. Kf1 Kg3 130. Kg1 f2+ 131. Kf1 Kh2 132. Kxf2 1/2-1/2

[Event "*** SCC Grand Prix: Titled Tuesday Blitz"]
[Site "Chess.com"]
[Date "2020.08.11"]
[Round "2"]
[White "ulises2013"]
[Black "harkerchess"]
[Result "1-0"]
[WhiteElo "2625"]
[BlackElo "2147"]
[TimeControl "180+1"]
[EndTime "10:12:55 PDT"]
[Termination "ulises2013 won by resignation"]

1. d4 d5 2. c4 c6 3. Nf3 Nf6 4. e3 e6 5. b3 Bd6 6. Bb2 O-O 7. Bd3 Nbd7 8. O-O Qc7 9. Nbd2 Re8 10. e4 dxc4 11. Nxc4 c5 12. e5 b5 13. Nxd6 1-0

[Event "*** SCC Grand Prix: Titled Tuesday Blitz"]
[Site "Chess.com"]
[Date "2020.08.11"]
[Round "2"]
[White "Noam_Vitenberg"]
[Black "ShapkinAnatoliy"]
[Result "0-1"]
[WhiteElo "2498"]
[BlackElo "2749"]
[TimeControl "180+1"]
[EndTime "10:13:25 PDT"]
[Termination "ShapkinAnatoliy won by checkmate"]

1. d4 Nf6 2. c4 g6 3. Nc3 d5 4. cxd5 Nxd5 5. e4 Nxc3 6. bxc3 Bg7 7. Nf3 c5 8. Be3 Qa5 9. Qd2 O-O 10. Rc1 Rd8 11. d5 e6 12. Be2 exd5 13.
exd5 c4 14. Bxc4 Be6 15. dxe6 Rxd2 16. exf7+ Kh8 17. Nxd2 Nc6 18. O-O Ne5 19. Bb3 Ng4 20. Nc4 Qc7 21. Bd4 Qxh2# 0-1

[Event "*** SCC Grand Prix: Titled Tuesday Blitz"]
[Site "Chess.com"]
[Date "2020.08.11"]
[Round "2"]
[White "Tsyhanchuk_Stanislav"]
[Black "HrvojeZagreb"]
[Result "1-0"]
[WhiteElo "2390"]
[BlackElo "2113"]
[TimeControl "180+1"]
[EndTime "10:13:39 PDT"]
[Termination "Tsyhanchuk_Stanislav won by resignation"]

1. e4 d6 2. d4 Nf6 3. Nc3 Nbd7 4. Nf3 e5 5. g4 Nxg4 6. Rg1 h5 7. h3 Ngf6 8. Bc4 Nb6 9. Bb3 Be6 10. Bxe6 fxe6 11. dxe5 dxe5 12. Qe2 Bd6 13. Rxg7 Rg8 14. Rxg8+ Nxg8 15. Bg5 Qd7 16. O-O-O Ne7 17. Nxe5 Bxe5 18. Rxd7 Nxd7 19.
f4 Bxc3 20. bxc3 Nf8 21. Qxh5+ Kd7 22. Qf7 Re8 23. Bxe7 1-0

[Event "*** SCC Grand Prix: Titled Tuesday Blitz"]
[Site "Chess.com"]
[Date "2020.08.11"]
[Round "2"]
[White "Duong57"]
[Black "TheMightyBishops"]
[Result "0-1"]
[WhiteElo "2342"]
[BlackElo "2014"]
[TimeControl "180+1"]
[EndTime "10:14:02 PDT"]
[Termination "TheMightyBishops won by resignation"]

1. d4 d6 2. c4 Nd7 3. e4 e5 4.
Nf3 Ngf6 5. Nc3 c6 6. Be2 Qc7 7. O-O a5 8. d5 h6 9. h3 Be7 10. Be3 g5 11. Nd2 c5 12. a3 Nf8 13.
Bg4 Nxg4 14. Qxg4 Bxg4 0-1

[Event "*** SCC Grand Prix: Titled Tuesday Blitz"]
[Site "Chess.com"]
[Date "2020.08.11"]
[Round "2"]
[White "abhidabhi"]
[Black "Agibileg"]
[Result "1-0"]
[WhiteElo "2788"]
[BlackElo "2406"]
[TimeControl "180+1"]
[EndTime "10:14:15 PDT"]
[Termination "abhidabhi won by checkmate"]

1. Nf3 g6 2. g3 Bg7 3. Bg2 Nf6 4. b3 O-O 5. Bb2 c5 6. c4 Nc6 7. d4 cxd4 8. Nxd4 Nxd4 9. Qxd4 d6 10. O-O Qc7 11.
Nc3 Nd7 12. Qxg7+ Kxg7 13. Nd5+ f6 14. Nxc7 Rb8 15. Ne6+ Kf7 16. Nxf8 Kxf8 17. Rac1 Ne5 18. c5 Be6 19. cxd6 Ke8 20. dxe7 Kd7 21. Rfd1+ Bd5 22.
Rxd5+ Ke6 23. Rd8 Kf5 24. Rxb8 Ng4 25. e8=Q Nxf2 26. Kxf2 Kg4 27. Qe4+ Kh5 28. Qh4# 1-0

[Event "*** SCC Grand Prix: Titled Tuesday Blitz"]
[Site "Chess.com"]
[Date "2020.08.11"]
[Round "2"]
[White "juancruzarias"]
[Black "secretsuperstar7"]
[Result "1-0"]
[WhiteElo "2381"]
[BlackElo "2090"]
[TimeControl "180+1"]
[EndTime "10:14:30 PDT"]
[Termination "juancruzarias won by checkmate"]

1. d4 d5 2. c4 c6 3. cxd5 cxd5 4. Bg5 f6 5. Bd2 Nc6 6. Nc3 e5 7. dxe5 fxe5 8. e4 d4 9. Nd5 Nf6 10. Bc4 Na5 11. Nxf6+ gxf6 12. Qh5+ Ke7 13. Qf7+ Kd6 14. Qd5+ Ke7 15. Bb4+ Ke8 16. Qf7# 1-0

[Event "*** SCC Grand Prix: Titled Tuesday Blitz"]
[Site "Chess.com"]
[Date "2020.08.11"]
[Round "2"]
[White "smshk35"]
[Black "abykhovsky"]
[Result "0-1"]
[WhiteElo "2492"]
[BlackElo "2734"]
[TimeControl "180+1"]
[EndTime "10:14:35 PDT"]
[Termination "abykhovsky won by resignation"]

1. e4 c5 2. Nf3 d6 3. d4 cxd4 4. Nxd4 Nf6 5. Nc3 Nc6 6. Nxc6 bxc6 7. Bc4 e6 8. e5 dxe5 9. Qe2 Qc7 10. Bg5 Nd5 11.
O-O f6 12. Bh4 Rb8 13. Ne4 Be7 14. Qh5+ g6 15. Qh6 Kf7 16. Bb3 Ba6 17. c4 Nf4 18. g3 Bf8 19. Ng5+ fxg5 20. Qxg5 Nh3+ 0-1

[Event "*** SCC Grand Prix: Titled Tuesday Blitz"]
[Site "Chess.com"]
[Date "2020.08.11"]
[Round "2"]
[White "Chessalary"]
[Black "m_ezat"]
[Result "0-1"]
[WhiteElo "2288"]
[BlackElo "2590"]
[TimeControl "180+1"]
[EndTime "10:14:35 PDT"]
[Termination "m_ezat won by resignation"]

1. e4 c6 2. d4 d5 3. Nd2 dxe4 4. Nxe4 Nd7 5. Nf3 Ngf6 6. Ng3 e6 7.
c4 Bb4+ 8. Bd2 Qa5 9. a3 Bxd2+ 10. Nxd2 c5 11. d5 exd5 12. cxd5 O-O 13. Bd3 Ne5 14. Bc2 Bg4 15. f3 Nxd5 16. O-O Ne3 17. Qe2 Nxc2 18.
Rac1 Nd4 19. Qxe5 Qxd2 20. fxg4 b6 21. Nh5 f6 22. Qd5+ Kh8 23. Qd7 Ne2+ 0-1

[Event "*** SCC Grand Prix: Titled Tuesday Blitz"]
[Site "Chess.com"]
[Date "2020.08.11"]
[Round "2"]
[White "IMAghasiyevKamal"]
[Black "martynkovaelena"]
[Result "0-1"]
[WhiteElo "2421"]
[BlackElo "2235"]
[TimeControl "180+1"]
[EndTime "10:14:37 PDT"]
[Termination "martynkovaelena won by resignation"]

1. d4 Nf6 2. c4 c5 3. d5 b5 4. cxb5 a6 5. bxa6 g6 6. Nc3 Bxa6 7.
e4 Bxf1 8. Kxf1 d6 9. g3 Bg7 10. Kg2 O-O 11. Nf3 Nbd7 12. a4 Qb6 13. Bd2 Ng4 14.
Qe2 Nge5 15. Nxe5 Nxe5 16. f4 Nd7 17. Rhb1 Qa6 18. Nb5 Nb6 19. Ra3 Rfb8 20. Qf3 Nc4 21. Nc7 Qb7 22. Nxa8 Nxd2 23. Qd3 Nxb1 24. Qxb1 0-1

[Event "*** SCC Grand Prix: Titled Tuesday Blitz"]
[Site "Chess.com"]
[Date "2020.08.11"]
[Round "2"]
[White "enriquebutti"]
[Black "Enriquack"]
[Result "0-1"]
[WhiteElo "1804"]
[BlackElo "2341"]
[TimeControl "180+1"]
[EndTime "10:15:08 PDT"]
[Termination "Enriquack won by resignation"]

1. d4 Nf6 2. Nf3 g6 3. c4 Bg7 4. Nc3 d5 5. cxd5 Nxd5 6. e4 Nxc3 7. bxc3 O-O 8. Be2 b6 9. Bg5 Bb7 10. Qd3 Nd7 11. O-O Qe8 12. Qe3 Nf6 13. Nd2 Qa4 14. Bd3 e5 15. d5 c6 16. c4 Rfe8 17. Bh6 Ng4 0-1

[Event "*** SCC Grand Prix: Titled Tuesday Blitz"]
[Site "Chess.com"]
[Date "2020.08.11"]
[Round "2"]
[White "FeketeBarika"]
[Black "Rodalquilar"]
[Result "0-1"]
[WhiteElo "2170"]
[BlackElo "2626"]
[TimeControl "180+1"]
[EndTime "10:15:13 PDT"]
[Termination "Rodalquilar won by resignation"]

1. Nf3 d5 2. g3 Nf6 3. Bg2 Bf5 4.
c4 e6 5. O-O c6 6. h3 h6 7. g4 Bh7 8. d4 Nbd7 9. cxd5 exd5 10. Qb3 Qb6 11. Qe3+ Be7 12. Nc3 Qd8 13. Ne5 O-O 14. f4 Nxe5 15. fxe5 Nd7 16. Qg3 Re8 17. Qf2 Bg6 18. Bd2 Nf8 19. e4 Bh4 20. Qf3 dxe4 21. Nxe4 Qxd4+ 22. Kh1 Bxe4 23. Qxe4 Qxd2 0-1